 Dungeon Crawl Stone Soup version 0.32-a0-798-gfa783ce77f (webtiles) character file.

Game seed: 12031963980820301903

11126 Essalna the Trooper (level 11, -3/67 HPs)
             Began as a Deep Elf Earth Elementalist on Mar 21, 2024.
             Was a Priest of Vehumet.
             Slain by an orange demon (5 damage)
             ... led by Amaemon
             ... on level 11 of the Dungeon.
             The game lasted 00:30:05 (11453 turns).

Essalna the Trooper (Deep Elf Earth Elementalist)  Turns: 11453, Time: 00:30:05

Health: -3/67      AC: 10    Str:  5    XL:     11   Next: 45%
Magic:  0/22       EV: 12    Int: 25    God:    Vehumet [***...]
Gold:   614        SH: 10    Dex: 15    Spells: 13/22 levels left

rFire   . . .        k - +1 dagger (venom)
rCold   . . .        r - +0 buckler
rNeg    . . .        f - +0 troll leather armour
rPois   +            (no helmet)
rElec   .            (no cloak)
rCorr   .            u - +0 pair of gloves
SInv    .            e - +0 pair of boots
Will    +....        v - amulet of reflection
Stlth   ++           c - +4 ring of protection
HPRegen 1.11/turn    D - ring of poison resistance
MPRegen 0.18/turn

%: reflection
@: lethally poisoned (-3 -> -4), slowed, very slow
A: no striking features
a: Renounce Religion


You were on level 11 of the Dungeon.
You worshipped Vehumet.
Vehumet was most pleased with you.
You visited 2 branches of the dungeon, and saw 12 of its levels.
You also visited: Sewer.

You collected 614 gold pieces.

Inventory:

Hand Weapons
 k - a +1 dagger of venom (weapon)
Missiles
 t - 2 throwing nets
Armour
 a - a +0 robe
 e - a +0 pair of boots (worn)
 f - a +0 troll leather armour (worn)
 r - a +0 buckler (worn)
 u - a +0 pair of gloves (worn)
 y - a +2 robe of fire resistance
 G - a +2 robe of cold resistance
Jewellery
 c - a +4 ring of protection (left hand)
 v - an amulet of reflection (around neck)
 w - a ring of protection from cold
 D - a ring of poison resistance (right hand)
 E - an amulet of faith
 F - a ring of ice
Wands
 j - a wand of acid (9)
Scrolls
 d - a scroll of enchant weapon
 h - a scroll of brand weapon
 l - 3 scrolls of poison
 n - a scroll of revelation
 p - a scroll of enchant armour
 q - a scroll of fear {unknown}
 s - a scroll of vulnerability {unknown}
 x - a scroll of silence {unknown}
 B - a scroll of immolation {unknown}
 C - a scroll of identify
Potions
 b - a potion of magic
 g - a potion of cancellation {unknown}
 i - 2 potions of might {unknown}
 m - a potion of mutation {unknown}
 o - 5 potions of haste
 z - a potion of resistance {unknown}
 A - 2 potions of degeneration {unknown}


   Skills:
 + Level 7.4 Fighting
 - Level 4.4 Armour
 - Level 6.0 Dodging
 - Level 4.0 Stealth
 - Level 4.0 Shields
 - Level 6.0 Spellcasting
 + Level 6.7 Conjurations
 - Level 7.1 Ice Magic
 - Level 7.0 Air Magic
 - Level 7.2 Earth Magic


You had 13 spell levels left.
You knew the following spells:

 Your Spells              Type           Power      Damage    Failure   Level
a - Sandblast             Erth           86%        2d18      1%          1
b - Stone Arrow           Conj/Erth      84%        3d12      1%          3
c - Freezing Cloud        Conj/Ice/Air   21%        6-21      9%          5

Your spell library contained the following spells:

 Spells                   Type           Power      Damage    Failure   Level
 Static Discharge         Conj/Air       82%        3-7/arc   1%          2
 Sting                    Conj/Alch      96%        1d9       1%          1
 Mercury Vapours          Alch/Air       50%        N/A       1%          2
 Mephitic Cloud           Conj/Alch/Air  30%        N/A       2%          3
 Passwall                 Erth           43%        N/A       3%          3
 Brom's Barrelling Bould  Conj/Erth      42%        2d6       3%          4
 Apportation              Tloc           14%        N/A       21%         1
 Necrotise                Necr           28%        1d5       21%         1
 Summon Small Mammal      Summ           28%        N/A       21%         1
 Petrify                  Alch/Erth      25%        N/A       41%         4
 Tukima's Dance           Hex            7%         N/A       52%         3
 Yara's Violent Unravell  Hex/Alch       3%         3d4       77%         5
 Passage of Golubria      Tloc           7%         N/A       89%         4
 Chain Lightning          Conj/Air       20%        3d27      100%        9
 Fire Storm               Conj/Fire      12%        8d3       100%        9
 Shatter                  Erth           21%        3d19*     100%        9


Dungeon Overview and Level Annotations

Branches:
Dungeon (11/15)            Temple (1/1) D:7           Sewer (visited)
   Lair: D:8-11         Orc: D:9-12

Altars:
Ashenzari
Cheibriados
Dithmenos
Elyvilon
Fedhas
Gozag
Hepliaklqana
Kikubaaqudgha
Makhleb
Nemelex Xobeh
Okawaru
Qazlal
Ru
Sif Muna
Trog
Uskayaw
Vehumet
Wu Jian
Xom
Yredelemnul
Zin
The Shining One

Shops:
D:3 :

Annotations:
D:3 3 runed translucent doors, paps's ghost, amateur TrBe
D:7 5 runed translucent doors


Message History

Aim: Amaemon, wielding a +0 demon whip of venom (almost dead, 70% to hit)
The stone arrow misses Amaemon.
The stone arrow hits the orange demon!!
The orange demon is heavily wounded.
You feel extremely sick. The orange demon closely misses you.
The scorpion closely misses you. You block the scorpion's attack.
Amaemon barely misses you. You block Amaemon's attack.
Amaemon closely misses you. The orange demon stings you from afar!
* * * LOW HITPOINT WARNING * * *
Casting: Stone Arrow (safe; 1% risk of failure)
Confirm with . or Enter, or press ? or * to list all spells.
Aiming: Sandblast (safe; 1% risk of failure)
Press: ? - help, Shift-Dir - straight line, f/p - Amaemon
Aim: Amaemon, wielding a +0 demon whip of venom (almost dead, 81% to hit)
The blast of sand hits Amaemon!!
You kill Amaemon!
Vehumet accepts your kill.
You feel your power returning.
The scorpion disappears in a puff of smoke! x4
* * * LOW HITPOINT WARNING * * *
You feel very sick. The orange demon completely misses you.
You block the orange demon's attack.
Okay, then.
Okay, then.
Unknown command.
Unknown command.
Okay, then.
Unknown command.
Casting: Sandblast (safe; 1% risk of failure)
Confirm with . or Enter, or press ? or * to list all spells.
Aiming: Stone Arrow (safe; 1% risk of failure)
Press: ? - help, Shift-Dir - straight line, f - orange demon
Aim: an orange demon (heavily wounded, concentrated venom, 85% to hit)
The stone arrow hits the orange demon!!
The orange demon is almost dead.
* * * LOW HITPOINT WARNING * * *
You feel very sick.
The orange demon stings you but does no damage.
The orange demon stings you from afar.
You die...

#####....#
.............#
##'### #...........#
#...# #..# ###.#
###.### ####'####
#..6..# #.......#
#.....# #.......###
#.....#
#.......'.####.....#
#.......#§@§4#.....#
+.......####.'.....#
#.......# ###§....#
######### #.....#
#######


You could see an orange demon (curare).

Vanquished Creatures
  Fannar (D:10)
  A two-headed ogre (D:11)
  Amaemon (D:11)
  Pikel (D:6)
  Maurice (D:8)
  Joseph (D:7)
  A kobold demonologist (D:10)
  A komodo dragon (D:10)
  Psyche (D:8)
  A troll (D:8)
  A hornet (D:7)
  2 wraiths
  3 yaks (D:7)
  2 vampire mosquitoes (D:10)
  A water moccasin (D:8)
  An acid dragon (D:10)
  3 ice beasts
  2 orc warriors
  2 sky beasts
  5 ogres
  5 centaurs
  4 lemures
  A phantom (D:5)
  10 kobold brigands
  7 bullfrogs
  A gnoll sergeant (D:9)
  3 scorpions
  13 wights
  21 killer bees
  A howler monkey (D:7)
  An electric eel (D:10)
  2 bombardier beetles
  8 hounds
  2 jellies
  A gnoll bouda (D:7)
  3 orc priests
  4 sleepcaps
  2 iguanas
  12 orc wizards
  Natasha (thrice) (D:4)
  11 gnolls
  8 adders
  3 river rats
  2 ufetubi (D:5)
  3 ribbon worms
  34 orcs
  10 endoplasms
  11 giant cockroaches
  14 goblins
  3 hobgoblins
  7 jackals
  A quokka (D:1)
  10 ball pythons
  7 bats
  5 frilled lizards
  29 kobolds
  11 rats
305 creatures vanquished.

Vanquished Creatures (others)
  3 kobolds (D:10)
3 creatures vanquished.

Grand Total: 308 creatures vanquished

Notes
Turn   | Place    | Note
-------+----------+-------------------------------------------
     0 | D:1      | Essalna the Deep Elf Earth Elementalist began the quest for
                  | the Orb.
     0 | D:1      | Reached XP level 1. HP: 10/10 MP: 6/6
   304 | D:1      | Reached XP level 2. HP: 15/15 MP: 6/8
   972 | D:1      | Reached XP level 3. HP: 20/20 MP: 7/9
  1463 | D:2      | Noticed an ogre
  1469 | D:2      | Learned a level 3 spell: Stone Arrow
  1493 | D:2      | Identified the +0 ring mail of Decompression {Harm}
  1549 | D:2      | Killed an ogre
  1550 | D:2      | Reached skill level 1 in Fighting
  1550 | D:2      | Reached XP level 4. HP: 25/25 MP: 6/11
  1793 | D:2      | Found a faded altar of an unknown god.
  2168 | D:2      | Reached XP level 5. HP: 27/29 MP: 11/13
  2271 | D:2      | Learned a level 5 spell: Freezing Cloud
  2486 | D:3      | Found Raderghua's Book Shop.
  2548 | D:3      | Found a runed translucent gate.
  2549 | D:3      | Found a runed translucent gate.
  2550 | D:3      | Found a runed translucent gate.
  2551 | D:3      | Noticed paps's ghost (amateur TrBe)
  2763 | D:3      | Reached XP level 6. HP: 35/35 MP: 3/14
  2765 | D:3      | Reached skill level 1 in Air Magic
  2879 | D:3      | Reached skill level 1 in Ice Magic
  2981 | D:3      | You fall into a shaft and drop 2 floors!
  2981 | D:5      | Entered Level 5 of the Dungeon
  3163 | D:4      | Found a glowing drain.
  3178 | Sewer    | Entered a sewer
  3437 | Sewer    | Reached skill level 1 in Armour
  3437 | Sewer    | Reached XP level 7. HP: 29/40 MP: 10/16
  3561 | Sewer    | Reached skill level 5 in Spellcasting
  4270 | D:4      | Reached XP level 8. HP: 42/45 MP: 0/18
  4385 | D:4      | Noticed Natasha
  4391 | D:4      | Killed Natasha
  4448 | D:4      | Found a stormy altar of Qazlal.
  4611 | D:4      | Reached skill level 5 in Earth Magic
  4696 | D:4      | Noticed Natasha
  4699 | D:4      | Killed Natasha
  4814 | D:4      | Noticed Natasha
  4816 | D:4      | Killed Natasha
  4973 | D:5      | Reached skill level 5 in Dodging
  5319 | D:5      | Found a broken altar of Ashenzari.
  5484 | D:5      | Reached skill level 1 in Shields
  5820 | D:6      | Noticed Pikel
  6345 | D:6      | Reached XP level 9. HP: 51/51 MP: 17/20
  6616 | D:6      | Killed Pikel
  7048 | D:7      | Found a staircase to the Ecumenical Temple.
  7086 | Temple   | Entered the Ecumenical Temple
  7104 | Temple   | Became a worshipper of Vehumet
  7133 | D:7      | Reached skill level 5 in Ice Magic
  7133 | D:7      | Reached skill level 5 in Air Magic
  7198 | D:7      | Found the +9 staff of Olgreb {rPois∞}
  7202 | D:7      | Found a runed translucent door.
  7211 | D:7      | Found a runed translucent gate.
  7211 | D:7      | Found a runed translucent gate.
  7212 | D:7      | Found a runed translucent door.
  7332 | D:7      | Found a runed translucent gate.
  7514 | D:7      | Found a hide-covered altar of Uskayaw.
  7622 | D:7      | Noticed Joseph
  7624 | D:7      | Reached XP level 10. HP: 58/58 MP: 17/21
  8266 | D:7      | Killed Joseph
  8453 | D:8      | Reached * piety under Vehumet
  8453 | D:8      | Offered knowledge of Shock by Vehumet.
  8686 | D:8      | Noticed Maurice
  8816 | D:8      | Killed Maurice
  8817 | D:8      | Reached skill level 5 in Fighting
  9528 | D:8      | Noticed Psyche
  9533 | D:8      | Killed Psyche
  9626 | D:9      | Reached ** piety under Vehumet
  9627 | D:9      | Offered knowledge of Foxfire by Vehumet.
 10130 | D:9      | Found a basalt altar of Yredelemnul.
 10133 | D:9      | Found an ancient bone altar of Kikubaaqudgha.
 10137 | D:9      | Found a bloodstained altar of Trog.
 10388 | D:9      | Reached XP level 11. HP: 64/64 MP: 20/22
 10467 | D:10     | Entered Level 10 of the Dungeon
 10634 | D:10     | Noticed Fannar
 10637 | D:10     | Offered knowledge of Static Discharge by Vehumet.
 10809 | D:10     | Killed Fannar
 10810 | D:10     | Reached skill level 5 in Conjurations
 11321 | D:11     | Noticed a two-headed ogre
 11328 | D:11     | Killed a two-headed ogre
 11403 | D:11     | Reached *** piety under Vehumet
 11429 | D:11     | Noticed Amaemon
 11452 | D:11     | Killed Amaemon
 11453 | D:11     | HP: 2/67 [poisoned by orange demon (concentrated venom)]
 11453 | D:11     | Slain by an orange demon

Illustrated notes

Levels and vault maps discovered:
D:1:      roadster_arrival_rocket_small, layout_basic
D:2:      layout_loops_ring, dreamdust_ecumenical_altar_hidden_monk_grotto
D:3:      layout_basic, biasface_ghost_orc_armoury, serial_shops,
          nicolae_shop_waterfront, minmay_circle_x
D:4:      layout_gridville, grunt_qazlal_clouds, cheibrodos_sewer_entry_sluice,
          minmay_hedge_maze, minmay_ogre_servants, uniq_natasha
D:5:      layout_loops_ring, mainiacjoe_overflow_concentric_impassable,
          chequers_jeans
D:6:      layout_loops_ring, uniq_pikel
D:7:      layout_loops_ring, kennysheep_little_box,
          minmay_temple_entry_stoned_glass, grunt_decor_fettered,
          hangedman_abyss_or_decor_slice, minmay_guarded_unrand_staff_of_olgreb,
          uniq_joseph
D:8:      layout_rooms, erik_lair_island, nicolae_shop_self_help, uniq_maurice,
          uniq_psyche
D:9:      layout_roguey, grunt_temple_overflow_diamond
D:10:     layout_basic, uniq_fannar
D:11:     layout_roguey, serial_park_tiny_1, uniq_amaemon
Temple:   eino_temple_scatter_basement

Skill      XL: |  1  2  3  4  5  6  7  8  9 10 11 |
---------------+----------------------------------+-----
Fighting       | 1 2 3 4 6 7 |  7.4
Dodging        | 3 4 5 6 |  6.0
Stealth        | 3 4 |  4.0
Conjurations   | 2 3 4 6 |  6.7
Spellcasting   | 4 5 6 |  6.0
Earth Magic    | 4 5 6 7 |  7.2
Air Magic      | 1 2 4 5 7 |  7.0
Ice Magic      | 1 2 3 5 7 |  7.1
Armour         | 1 2 4 |  4.4
Shields        | 1 3 4 |  4.0

Action                     |  1- 3 |  4- 6 |  7- 9 | 10-12 || total
---------------------------+-------+-------+-------+-------++-------
  Melee: Unarmed           |     2 |       |       |       ||     2
         Dagger            |       |     1 |     2 |     5 ||     8
   Cast: Sandblast         |    49 |   110 |   250 |   158 ||   567
         Stone Arrow       |       |       |    10 |    56 ||    66
    Use: Potion            |       |       |     2 |     1 ||     3
         Scroll            |       |       |       |     5 ||     5
 Armour: Robe              |     6 |    22 |    71 |    50 ||   149
         Troll leather arm |       |       |       |    75 ||    75
  Dodge: Dodged            |     6 |    43 |    88 |   137 ||   274
  Block: Buckler           |       |       |    20 |    94 ||   114
         Reflection        |       |       |       |    14 ||    14

Table legend: (Time is in decaauts)
 A = Elapsed time spent in this place.
 B = Non-inter-level travel time spent in this place.
 C = Inter-level travel time spent in this place.
 D = Time resting spent in this place.
 E = Time spent auto-exploring this place.
 F = Levels seen in this place.
 G = Mean time per level.
                   A        B        C        D        E       F      G
               +--------+--------+--------+--------+--------+-----+--------+
         Total |  11892 |  11239 |    653 |    496 |   8591 |  13 |  914.8 |
       Dungeon |  10725 |  10106 |    619 |    496 |   7658 |  11 |  975.0 |
        Temple |     36 |      2 |     34 |      0 |      0 |   1 |   36.0 |
         Sewer |   1130 |   1130 |      0 |      0 |    932 |   1 | 1130.0 |
               +--------+--------+--------+--------+--------+-----+--------+

Top non-repeatable levels by time:
     D:7: 1780 daAuts
     D:1: 1216 daAuts
     D:6: 1131 daAuts
   Sewer: 1130 daAuts
     D:5: 1117 daAuts
     D:2: 1065 daAuts
     D:9: 997 daAuts
     D:4: 894 daAuts
     D:8: 883 daAuts
     D:3: 756 daAuts
    D:10: 743 daAuts
    D:11: 138 daAuts
  Temple: 36 daAuts
